 Dungeon Crawl Stone Soup version 0.27.1-2-g3b301248ec (webtiles) character file.

Game seed: 7745131605406716255

621158 jfcaron the Conqueror (level 27, -23/300 HPs)
             Began as a Minotaur Fighter on Aug 22, 2021.
             Was the Champion of Jiyva.
             Killed from afar by an orb of fire (38 damage)
             ... with a fireball
             ... on level 5 of the Realm of Zot on Sept 23, 2021.
             The game lasted 05:06:34 (84098 turns).

jfcaron the Conqueror (Minotaur Fighter)           Turns: 84098, Time: 05:06:34

Health: -23/300    AC: 45    Str: 38    XL:     27
Magic:  19/19      EV: 31    Int:  9    God:    Jiyva [******]
Gold:   3067       SH: 31    Dex: 19    Spells: 26/26 levels left

rFire    + . .     SeeInvis .   a - +7 morningstar "Giantslayer" {speed, +Blink rElec rPois}
rCold    + . .     Faith    .   c - +1 tower shield "Eshryrhuj" {rElec rF+ Will- Dex+4}
rNeg     + . .     Spirit   .   V - +7 crystal plate armour
rPois    +         Reflect  .   (helmet restricted)
rElec    +         Harm     .   e - scarf {+Inv}
rCorr    +         Rampage  +   z - +0 pair of gloves
Will     ++...                  G - +0 pair of boots {rampage}
Stlth    ..........             n - amulet of the acrobat
HPRegen  0.60/turn              M - ring of willpower
MPRegen  0.16/turn              R - ring "Jeko" {rC+ rN+ Str+4 Dex+7}

@: acrobatic
A: horns 2, retaliatory headbutt, iridescent scales 1, camouflage 1, agile 1,
low mp 1, passive freeze, robust 1, shaggy fur 1, subdued magic 1
}: 3/15 runes: decaying, slimy, gossamer
a: Renounce Religion, Evoke Blink, Evoke Invisibility, Request Jelly, Slimify,
Cure Bad Mutation


You were on level 5 of the Realm of Zot.
You worshipped Jiyva.
Jiyva was exalted by your worship.
You visited 12 branches of the dungeon, and saw 57 of its levels.
You also visited: Ice Cave.

You collected 8313 gold pieces.
You spent 5246 gold pieces at shops.

Inventory:

Hand Weapons
 a - the +7 morningstar "Giantslayer" (weapon) {speed, +Blink rElec rPois}
   (You found it on level 2 of the Lair of Beasts)

   Attacks with this weapon are significantly faster.
   rElec:     It insulates you from electricity.
   rPois:     It protects you from poison.
   +Blink:    It lets you blink.
 b - a +9 eveningstar of freezing
 B - the +8 whip "Snakebite" {venom, curare, rPois}
   (You found it on level 1 of the Lair of Beasts)

   It poisons the flesh of those it strikes.
   It occasionally inflicts asphyxiating poison on those it strikes, dealing
   poison damage and causing slowness.
   rPois:     It protects you from poison.
Missiles
 j - 12 curare-tipped darts (quivered)
 v - 5 throwing nets
Armour
 c - the +1 tower shield "Eshryrhuj" (worn) {rElec rF+ Will- Dex+4}
   (You took it off Mennas on level 2 of the Vaults)

   Dex:       It affects your dexterity (+4).
   rF:        It protects you from fire.
   rElec:     It insulates you from electricity.
   Will:      It decreases your willpower.
 e - a scarf of invisibility (worn)
 k - +0 gold dragon scales
 z - a +0 pair of gloves (worn)
 C - a +2 cloak
 G - a +0 pair of boots of rampaging (worn)
 V - a +7 crystal plate armour (worn)
 W - a +2 hat of stealth
Jewellery
 n - an amulet of the acrobat (around neck)
 J - a ring of see invisible
 M - a ring of willpower (left hand)
 R - the ring "Jeko" (right hand) {rC+ rN+ Str+4 Dex+7}
   (You found it on level 2 of the Lair of Beasts)

   [ring of protection from cold]

   Str:       It affects your strength (+4).
   Dex:       It affects your dexterity (+7).
   rC:        It protects you from cold.
   rN:        It protects you from negative energy.
Wands
 g - a wand of paralysis (41)
 r - a wand of charming (16)
 x - a wand of iceblast (52)
 y - a wand of mindburst (41)
 F - a wand of digging (3)
 K - a wand of polymorph (33)
 O - a wand of acid (1)
Scrolls
 l - 2 scrolls of silence
 m - 3 scrolls of fear
 p - 13 scrolls of teleportation
 q - a scroll of brand weapon
 s - 3 scrolls of immolation
 u - 4 scrolls of summoning
 A - 2 scrolls of vulnerability
 H - 11 scrolls of fog
 P - 7 scrolls of magic mapping
 Z - 8 scrolls of blinking
Potions
 d - a potion of might
 f - 4 potions of haste
 h - 7 potions of heal wounds
 i - 8 potions of ambrosia
 o - 3 potions of mutation
 w - 12 potions of curing
 D - 3 potions of magic
 E - 2 potions of invisibility
 I - 8 potions of flight
 N - a potion of resistance
 T - 4 potions of cancellation
Miscellaneous
 t - a tin of tremorstones (2/2)
 L - a box of beasts (inert)
 S - a lightning rod (4/4)
 Y - a phial of floods


   Skills:
 O Level 27 Fighting
 - Level 12.2(14.9) Axes
 - Level 14.4(16.0) Maces & Flails
 O Level 27 Armour
 + Level 12.2 Dodging
 O Level 27 Shields
 * Level 17.2 Evocations


You had 26 spell levels left.
You didn't know any spells.
Your spell library contained the following spells:

 Spells                   Type           Power      Damage    Failure   Level
 Animate Skeleton         Necr           0%         N/A       80%         1
 Apportation              Tloc           0%         N/A       80%         1
 Corona                   Hex            0%         N/A       80%         1
 Sandblast                Erth           0%         2d4       80%         1
 Shock                    Conj/Air       0%         1d3       80%         1
 Summon Small Mammal      Summ           0%         N/A       80%         1
 Blink                    Tloc           N/A        N/A       91%         2
 Corpse Rot               Necr/Air       N/A        N/A       91%         2
 Ensorcelled Hibernation  Hex/Ice        0%         N/A       91%         2
 Passwall                 Tmut/Erth      0%         N/A       91%         2
 Poisonous Vapours        Pois/Air       0%         N/A       91%         2
 Searing Ray              Conj           0%         3d3       91%         2
 Static Discharge         Conj/Air       0%         N/A       91%         2
 Sublimation of Blood     Necr           0%         N/A       91%         2
 Wereblood                Tmut           0%         N/A       91%         2
 Conjure Flame            Conj/Fire      0%         6-21      99%         3
 Frozen Ramparts          Ice            0%         1d2       99%         3
 Gell's Gravitas          Tloc           0%         N/A       99%         3
 Ignite Poison            Fire/Tmut/Pois 0%         N/A       99%         3
 Inner Flame              Hex/Fire       0%         N/A       99%         3
 Lesser Beckoning         Tloc           0%         N/A       99%         3
 Mephitic Cloud           Conj/Pois/Air  0%         N/A       99%         3
 Ozocubu's Armour         Ice            0%         N/A       99%         3
 Stone Arrow              Conj/Erth      0%         3d7       99%         3
 Swiftness                Air            0%         N/A       99%         3
 Teleport Other           Tloc           0%         N/A       99%         3
 Airstrike                Air            0%         N/A       100%        4
 Animate Armour           Summ/Erth      0%         N/A       100%        4
 Cause Fear               Hex            0%         N/A       100%        4
 Dispel Undead            Necr           0%         3d6       100%        4
 Fulminant Prism          Conj/Hex       0%         3d6       100%        4
 Hailstorm                Conj/Ice       0%         3d3       100%        4
 Ice Form                 Ice/Tmut       0%         N/A       100%        4
 Iskenderun's Mystic Bla  Conj/Tloc      0%         2d3       100%        4
 Leda's Liquefaction      Hex/Erth       0%         N/A       100%        4
 Passage of Golubria      Tloc           N/A        N/A       100%        4
 Petrify                  Tmut/Erth      0%         N/A       100%        4
 Sticky Flame             Conj/Fire      0%         2d3       100%        4
 Blade Hands              Tmut           0%         N/A       100%        5
 Bolt of Magma            Conj/Fire/Erth 0%         4d4       100%        5
 Fireball                 Conj/Fire      0%         3d3       100%        5
 Freezing Cloud           Conj/Ice/Air   0%         6-21      100%        5
 Irradiate                Conj/Tmut      0%         3d14      100%        5
 Lee's Rapid Deconstruct  Erth           0%         3d5*      100%        5
 Lightning Bolt           Conj/Air       0%         1d11      100%        5
 Manifold Assault         Tloc           0%         N/A       100%        5
 Metabolic Englaciation   Hex/Ice        0%         N/A       100%        5
 Silence                  Hex/Air        0%         N/A       100%        5
 Summon Forest            Summ/Tloc      0%         N/A       100%        5
 Conjure Ball Lightning   Conj/Air       0%         3x3d6     100%        6
 Death Channel            Necr           0%         N/A       100%        6
 Dispersal                Tloc           0%         N/A       100%        6
 Invisibility             Hex            0%         N/A       100%        6
 Iron Shot                Conj/Erth      0%         9d1       100%        6
 Simulacrum               Ice/Necr       0%         N/A       100%        6
 Starburst                Conj/Fire      0%         6d3       100%        6
 Statue Form              Tmut/Erth      0%         N/A       100%        6
 Dragon Form              Tmut           0%         N/A       100%        7
 Malign Gateway           Summ/Tloc      0%         N/A       100%        7
 Ozocubu's Refrigeration  Ice            0%         4d5       100%        7
 Storm Form               Tmut/Air       0%         N/A       100%        7
 Summon Hydra             Summ           0%         N/A       100%        7
 Discord                  Hex            0%         N/A       100%        8
 Ignition                 Fire           0%         3d3       100%        8
 Infestation              Necr           0%         N/A       100%        8
 Lehudib's Crystal Spear  Conj/Erth      0%         10d2      100%        8
 Maxwell's Capacitive Co  Air            0%         ∞         100%        8
 Chain Lightning          Conj/Air       0%         N/A       100%        9
 Polar Vortex             Ice            0%         N/A       100%        9
 Shatter                  Erth           0%         3d5*      100%        9


Dungeon Overview and Level Annotations

Branches:
Dungeon (15/15)            Temple (1/1) D:6            Lair (6/6) D:9
  Swamp (4/4) Lair:3       Spider (4/4) Lair:2        Slime (5/5) Lair:5
    Orc (2/2) D:10            Elf (3/3) Orc:2        Vaults (4/5) D:13
  Crypt (3/3) Vaults:3       Tomb (0/3) Crypt:3      Depths (5/5) D:15
    Zot (5/5) Depths:5      IceCv (visited)

Altars:
Ashenzari
Cheibriados
Dithmenos
Elyvilon
Fedhas
Gozag
Hepliaklqana
Kikubaaqudgha
Makhleb
Nemelex Xobeh
Okawaru
Qazlal
Ru
Sif Muna
Trog
Uskayaw
Vehumet
Wu Jian
Xom
Yredelemnul
Zin
The Shining One
Jiyva

Shops:
D:4 (**   D:12 ?   D:15 *   Orc:2 [?:*   Elf:2 *   Vaults:1 ?(==   Vaults:3 !
Depths:1 =::   Depths:3 ?   Depths:4 (([

Portals:
Hell: Depths:1 Depths:2 Depths:3 Depths:4 Depths:5
Abyss: Depths:1 Depths:4
Pandemonium: Orc:2 Depths:2 Depths:3 Depths:4 Depths:5
Ziggurat: Depths:1

Annotations:
Slime:5 Royal Jelly
Depths:5 4 runed translucent doors
Zot:5 1 exclusion


Innate Abilities, Weirdness & Mutations

You have a pair of horns on your head.
You reflexively headbutt those who attack you in melee.
You are partially covered in iridescent scales. (AC +2)
Your skin changes colour to match your surroundings (Stealth+).
You are agile. (Dex +2)
Your magical capacity is low. (-10% MP)
A frigid envelope surrounds you and freezes all who hurt you.
You are robust. (+10% HP)
You are covered in fur. (AC +1)
Your spells are a little easier to cast, but a little less powerful.


Message History

You impale the orb of fire!!
You headbutt the orb of fire, but do no damage.
The orb of fire is heavily damaged.
You hit the orb of fire.
The orb of fire is heavily damaged.
The orb of fire glows yellow.
The fireball explodes!
The fireball engulfs you!! You resist.
* * * LOW HITPOINT WARNING * * *
The fireball engulfs the orb of fire.
The orb of fire completely resists.
Unknown command.
You miss the orb of fire. You headbutt the orb of fire!!
The orb of fire is severely damaged.
The orb of fire is no longer covered in acid.
Okay, then.
The orb of fire glows yellow.
The bolt of fire misses the orb of fire.
The bolt of fire hits the orb of fire but does no damage.
The bolt of fire misses you.
The orb of fire glows deep purple.
The bolt of fire hits the orb of fire.
The orb of fire completely resists.
The bolt of fire hits you! You resist.
* * * LOW HITPOINT WARNING * * *
The orb of fire glows red.
The fireball explodes!
The fireball engulfs the orb of fire.
The orb of fire completely resists.
The fireball engulfs you! You resist.
* * * LOW HITPOINT WARNING * * *
The fireball engulfs the orb of fire.
The orb of fire completely resists.
Unknown command.
The orb of fire glows bright magenta.
Strange energies course through your body.
Your connection to magic feels subdued.
The orb of fire glows deep purple.
The bolt of fire hits the orb of fire.
The orb of fire completely resists.
The bolt of fire misses you.
The orb of fire glows yellow.
The fireball explodes!
The fireball engulfs you!! You resist.
* * * LOW HITPOINT WARNING * * *
The orb of fire glows deep purple.
The fireball explodes!
The fireball engulfs you!!! You resist.
You die...

##### #...# **** ##### ###.^.#
,,,* #...# #.....###### ,,,*
#####...# #.....##...#
,,,*######...#...# #.....##...#
,,,,,...........######...##...###
,,,*##...........................
*,,,#.<.........@.**.............
*#.......J.#...###..*..#########.
##............##......##### ##
##.........^.#...####....####
##...#.....#...## #.......#
****#....#.......######.......###
,,,,..............*...........##.
,,,,..........................##.
,,,,,,,,,,....................##.


You could see 3 orbs of fire and a neutral jelly (wandering) (fellow slime).

Vanquished Creatures
  Mara (Crypt:2)
  4 orbs of fire
  Mennas (Vaults:2)
  A Killer Klown (Zot:2)
  2 curse toes
  Frederick (Crypt:2)
  5 caustic shrikes (Depths:5)
  Margery (Crypt:1)
  Nikola (Spider:1)
  13 golden dragons
  Jory (Crypt:1)
  Jorgrun (Elf:2)
  4 bone dragons
  5 electric golems
  The ghost of abarbat the Executioner, an adept MiBe of Trog (Vaults:4)
  15 tentacled monstrosities
  5 Orb Guardians
  2 deep elf blademasters (Elf:3)
  A quicksilver dragon (Zot:3)
  A deep elf master archer (Elf:3)
  15 death cobs
  6 ancient champions
  Gastronok (D:11)
  Frances (Swamp:2)
  Agnes (D:15)
  5 tengu reavers
  5 sphinxes
  3 draconian monks
  22 storm dragons
  3 revenants
  Donald (Elf:3)
  Kirke (Swamp:2)
  2 shadow dragons (Depths:5)
  11 frost giants
  3 draconian knights
  A fenstrider witch (Swamp:2)
  5 fire giants
  An orc warlord (Vaults:3)
  2 iron dragons
  3 draconian scorchers
  3 deep elf sorcerers (Elf:3)
  14 vault wardens
  3 ghost moths
  A cacodemon (Depths:2)
  4 draconian shifters
  5 curse skulls
  3 deep elf elementalists (Elf:3)
  Louise (Spider:2)
  18 ghouls
  6 emperor scorpions
  A reaper (Crypt:2)
  Aizul (Swamp:2)
  A draconian stormcaller (Zot:3)
  A spriggan defender (Depths:3)
  5 draconian annihilators
  16 ironbound preservers
  15 very ugly things
  2 war gargoyles
  A caustic shrike skeleton (Crypt:3)
  12 green draconians
  13 stone giants
  3 bunyips
  9 vampire knights
  4 deep elf annihilators
  13 black draconians
  5 deep elf demonologists (Elf:3)
  12 spark wasps
  6 entropy weavers
  A minotaur (Vaults:4)
  10 dire elephants
  11 red draconians
  7 yellow draconians
  Nessos (D:12)
  11 white draconians
  8 purple draconians
  A crystal guardian (Vaults:2)
  8 ettins
  4 eidola
  A shambling mangrove (Swamp:3)
  Josephine (D:12)
  15 deep elf death magi
  4 eleionomae
  7 jiangshi
  The ghost of SkeletonJelly the Magus, a journeyman DrMo of Nemelex Xobeh (D:10)
  11 yaktaur captains
  3 deep elf high priests (Elf:3)
  Harold (D:10)
  12 fire dragons
  9 ice dragons
  7 vault guards
  5 ironbound thunderhulks
  11 hydras
  2 peacekeepers
  3 rakshasas
  4 ogre magi (D:15)
  5 spriggan air magi
  5 boulder beetles
  22 centaur warriors
  3 catoblepae (Lair:6)
  10 ironbound frosthearts
  17 two-headed ogres
  3 ghost crabs
  8 deep troll earth magi
  11 alligators
  4 deep troll shamans
  30 dancing weapons
  2 death knights
  5 tengu warriors
  A two-headed ogre (shapeshifter) (Depths:4)
  8 death scarabs (Spider:4)
  7 vampire magi
  16 death yaks
  The ghost of finalDestination the Thaumaturge, a novice DjCj of Ru (D:8)
  9 orc high priests
  5 ironbound beastmasters
  Nergalle (D:12)
  A shock serpent (shapeshifter) (Vaults:4)
  Sonja (Lair:2)
  14 deep elf knights
  4 iron trolls
  5 hell knights
  32 skeletal warriors
  2 sun demons
  5 spriggan berserkers
  3 soul eaters (Crypt:1)
  A fire crab (Lair:2)
  A sixfirhy (Orc:2)
  4 goliath frogs
  3 shadow wraiths
  2 spriggan druids
  A storm dragon skeleton (Crypt:3)
  2 golden dragon zombies (Crypt:2)
  2 infernal demonspawn (Orc:2)
  A death drake (Swamp:2)
  3 swamp dragons
  5 flayed ghosts
  17 deep elf archers
  5 spectral wolf spiders (Spider:4)
  65 deep trolls
  16 bog bodies
  A shadow demon (Depths:4)
  A spark wasp zombie (Depths:1)
  A torturous demonspawn (Orc:2)
  4 spectral hydras (Swamp:4)
  A sphinx zombie (Depths:1)
  A tengu zombie (Vaults:4)
  3 wizards
  13 orb spiders
  A wolf spider zombie (Crypt:3)
  39 deep elf pyromancers
  6 necromancers
  7 phantasmal warriors
  15 ironbound convokers
  15 deep elf zephyrmancers
  5 orange crystal statues
  7 orc knights
  A frost giant zombie (Depths:1)
  2 lindwurms
  32 ugly things
  32 wolf spiders
  5 cyclopes
  5 oklob plants (Lair:2)
  A human zombie (Vaults:2)
  7 orc sorcerers
  21 moths of wrath
  6 manticores
  An elf zombie (Vaults:4)
  4 will-o-the-wisps
  14 elephants
  8 black mambas
  A naga mage (D:15)
  3 rust devils
  8 vault sentinels
  A fire giant skeleton (Depths:2)
  A torpor snail (Spider:2)
  An ice statue (IceCv)
  A shock serpent zombie (Crypt:1)
  8 spectral spriggans (Swamp:1)
  4 spectral redbacks
  2 guardian serpents (Depths:4)
  2 gargoyles (D:12)
  A grey draconian zombie (Crypt:3)
  5 rime drakes
  A sea snake zombie (Crypt:2)
  3 orange demons
  15 cane toads
  An efreet (D:15)
  A shock serpent skeleton (Crypt:2)
  5 swamp worm zombies (Swamp:4)
  A red draconian zombie (Crypt:1)
  An ice devil (Orc:2)
  A hellwing (Depths:4)
  3 freezing wraiths
  A tengu conjurer (D:15)
  7 komodo dragons
  38 yaktaurs
  A grey draconian skeleton (Crypt:2)
  A redback zombie (Spider:4)
  A red devil (Depths:4)
  11 demonic crawlers
  7 trolls
  13 polar bears
  40 jumping spiders
  18 blink frogs
  4 bloated husks
  7 tyrant leeches
  3 spectral jumping spiders (Spider:4)
  2 spectral tarantellas (Spider:4)
  Prince Ribbit (D:8)
  2 spectral swamp dragons (Swamp:4)
  A hydra zombie (Swamp:4)
  19 hornets
  2 iron dragon simulacra
  A jumping spider zombie (Spider:4)
  A raiju (shapeshifter) (D:14)
  A dream sheep (Lair:5)
  A frost giant simulacrum (Vaults:2)
  A fire giant simulacrum (Depths:2)
  2 tarantella zombies (Spider:4)
  2 alligator zombies (Swamp:4)
  16 flying skulls
  An air elemental (Elf:3)
  A deep troll skeleton (Vaults:4)
  63 redbacks
  10 spriggans
  2 shadows
  8 water elementals
  An ice dragon skeleton (Crypt:1)
  A spriggan (shapeshifter) (D:10)
  2 ynoxinuls
  2 vampires
  9 wraiths
  2 ettin skeletons (Crypt:2)
  A wyvern (Lair:5)
  20 tarantellas
  A tarantella (shapeshifter) (D:10)
  The ghost of cahman the Chucker, an amateur TrHu (D:4)
  4 hogs (Swamp:2)
  A tyrant leech zombie (Crypt:3)
  89 yaks
  A basilisk (Lair:2)
  5 fire elementals
  A human simulacrum (Vaults:2)
  13 vampire mosquitoes
  3 chaos spawn (Depths:4)
  A merfolk zombie (Crypt:3)
  2 wargs
  Grum (D:10)
  A neqoxec (D:10)
  2 acid dragons (D:12)
  16 swamp worms
  18 water moccasins
  A swamp drake (Swamp:2)
  A merfolk skeleton (Crypt:1)
  3 spectral hornets (Spider:4)
  39 orc warriors
  An ice beast (D:7)
  A sky beast (D:7)
  A black bear (shapeshifter) (Elf:2)
  6 swamp dragon zombies (Swamp:4)
  30 wolves
  A black bear (D:5)
  9 necrophages
  10 ogres
  5 centaurs
  2 boggarts (Vaults:2)
  5 phantoms (Swamp:4)
  2 kobold brigands
  A hog skeleton (Crypt:1)
  15 bullfrogs
  4 earth elementals
  2 two-headed ogre simulacra (D:11)
  A gnoll sergeant (D:9)
  A draconian skeleton (Crypt:3)
  A wyvern skeleton (Crypt:2)
  A queen bee zombie (Crypt:3)
  9 wights
  2 howler monkeys
  6 killer bees
  An electric eel (Spider:3)
  3 lava snakes (Lair:3)
  5 centaur zombies
  3 quasits (D:8)
  2 bullfrog skeletons (D:6)
  31 orc priests
  2 centaur skeletons
  Crazy Yiuf (D:5)
  Natasha (thrice) (D:3)
  An iguana (D:7)
  16 orc wizards
  A hell rat (Lair:5)
  A troll simulacrum (D:11)
  A killer bee zombie (D:8)
  2 acid dragon zombies
  Robin (D:4)
  11 gnolls
  A naga simulacrum (D:11)
  2 swamp drake zombies (Swamp:4)
  13 adders
  A shadow imp (D:6)
  An adder zombie (D:5)
  A halfling zombie (Crypt:1)
  A worm (D:2)
  99 orcs
  8 endoplasms
  4 giant cockroaches
  15 goblins
  9 hobgoblins
  3 jackals (D:2)
  13 kobolds
  3 quokkas
  7 ball pythons
  A ball python zombie (Crypt:1)
  8 bats
  5 frilled lizards
  A frilled lizard skeleton (Crypt:3)
  A kobold zombie (Crypt:1)
  11 rats
  2 rat skeletons (Crypt:2)
2134 creatures vanquished.

Vanquished Creatures (collateral kills)
  An orb of fire (Zot:5)
  A deep elf master archer (Elf:3)
  A ghoul (Crypt:2)
  A purple draconian (Zot:3)
  A dire elephant (Vaults:2)
  A deep elf annihilator (Elf:3)
  A deep elf death mage (Elf:3)
  A deep troll shaman (Depths:3)
  An ironbound beastmaster (Vaults:2)
  A skeletal warrior (Crypt:3)
  A deep elf archer (Elf:3)
  A necromancer (Crypt:2)
  A deep elf pyromancer (Elf:3)
  A vault sentinel (Vaults:2)
  A fire giant skeleton (Crypt:2)
  An emperor scorpion zombie (Crypt:2)
  A yaktaur (Vaults:4)
  A chaos spawn (Orc:2)
  An orc warrior (Orc:2)
  An orc priest (Orc:2)
  2 orcs (Orc:2)
22 creatures vanquished.

Vanquished Creatures (others)
  Boris (Crypt:1)
  A golden dragon (Depths:5)
  The ghost of DrabberRogue the Gelid, an adept HuIE of Sif Muna (Spider:4)
  A draconian knight (Zot:3)
  An ironbound preserver (Vaults:3)
  A very ugly thing (Depths:3)
  10 great orbs of eyes
  A fire dragon (Depths:5)
  A yaktaur captain (Vaults:3)
  A deep elf high priest (Vaults:3)
  An ironbound frostheart (Vaults:3)
  2 ironbound beastmasters
  A spriggan berserker (Depths:5)
  A deep elf knight (Elf:3)
  2 glowing orange brains
  3 deep trolls
  3 ironbound convokers
  3 deep elf pyromancers
  4 deep elf zephyrmancers
  A wolf spider (shapeshifter) (Depths:3)
  A manticore (D:13)
  A vault sentinel (Vaults:4)
  An eye of devastation (shapeshifter) (D:15)
  A yaktaur zombie (Vaults:4)
  8 yaktaurs
  10 bloated husks
  38 slime creatures
  A redback (Spider:4)
  A spriggan (shapeshifter) (Vaults:3)
  A wraith (Crypt:2)
  A vampire mosquito (Swamp:3)
  A merfolk zombie (Crypt:1)
  A swamp worm (Swamp:2)
  A water moccasin (Lair:6)
  A manticore skeleton (Crypt:3)
  A phantom (Swamp:4)
  372 jellies
  An electric eel (Spider:1)
  An orc wizard (D:14)
  2 hound skeletons
  A giant cockroach zombie (Crypt:3)
  10 foxfires
  101 fungi
  147 plants
744 creatures vanquished.

Grand Total: 2900 creatures vanquished

Notes
Turn   | Place    | Note
-------+----------+-------------------------------------------
     0 | D:1      | jfcaron the Minotaur Fighter began the quest for the Orb.
     0 | D:1      | Reached XP level 1. HP: 19/19 MP: 0/0
   221 | D:1      | Reached XP level 2. HP: 27/27 MP: 1/1
   849 | D:2      | Reached XP level 3. HP: 24/33 MP: 2/2
  1004 | D:2      | Reached skill level 1 in Evocations
  1360 | D:2      | Reached XP level 4. HP: 23/40 MP: 3/3
  2125 | D:3      | Noticed Natasha
  2131 | D:3      | Killed Natasha
  2244 | D:3      | Found a radiant altar of Vehumet.
  2458 | D:3      | Noticed Natasha
  2462 | D:3      | Killed Natasha
  2463 | D:3      | Reached XP level 5. HP: 47/47 MP: 4/4
  2590 | D:3      | Found a radiant altar of Vehumet.
  2693 | D:3      | Noticed Natasha
  2698 | D:3      | Killed Natasha
  2733 | D:4      | Noticed Robin
  2745 | D:4      | Killed Robin
  2832 | D:4      | Found Bieho's Assorted Antiques.
  2841 | D:4      | Bought a scroll labelled LODGHI WUKHAIDO for 26 gold pieces
  2841 | D:4      | Bought 2 lumpy emerald potions for 46 gold pieces
  2879 | D:4      | Found a runed translucent door.
  2879 | D:4      | Noticed cahman's ghost (amateur TrHu)
  2905 | D:4      | Found a broken altar of Ashenzari.
  2916 | D:4      | Found a runed translucent door.
  2920 | D:4      | Became a worshipper of Ashenzari the Shackled
  2924 | D:4      | Noticed an ogre
  2929 | D:4      | Killed an ogre
  2930 | D:4      | Reached XP level 6. HP: 55/55 MP: 5/5
  3087 | D:4      | Found Telo's Assorted Antiques.
  3111 | D:4      | Bought a scroll labelled YCUTRUISTRA for 23 gold pieces
  3111 | D:4      | Bought a lumpy puce potion for 20 gold pieces
  3111 | D:4      | Bought a scroll labelled PUYNYGI CEANEU for 23 gold pieces
  3294 | D:4      | Reached skill level 5 in Shields
  3300 | D:4      | Reached skill level 5 in Fighting
  3524 | D:4      | Reached skill level 5 in Armour
  3615 | D:4      | Found Mikkeanu's Antique Weapon Emporium.
  3692 | D:4      | Identified the Collected Works on Quantum Shape Shifting
  3865 | D:5      | Entered Level 5 of the Dungeon
  4017 | D:5      | Reached XP level 7. HP: 55/62 MP: 6/6
  4667 | D:5      | Found a runed translucent door.
  4668 | D:5      | Noticed Crazy Yiuf
  4742 | D:5      | Killed Crazy Yiuf
  5059 | D:6      | Reached skill level 5 in Axes
  5129 | D:6      | Found a stormy altar of Qazlal.
  5154 | D:6      | Found a staircase to the Ecumenical Temple.
  5169 | D:6      | Found a blossoming altar of Fedhas.
  5286 | D:6      | Reached XP level 8. HP: 71/71 MP: 7/7
  5320 | D:6      | Reached * piety under Ashenzari
  5900 | D:7      | Found a runed translucent door.
  5904 | D:7      | Found the +10 tower shield of Ignorance {rN+ Int-4}
  5984 | D:7      | Noticed a two-headed ogre
  5991 | D:7      | Killed a two-headed ogre
  6044 | D:7      | Found a runed translucent door.
  6047 | D:7      | Noticed an orange crystal statue
  6095 | D:7      | Reached XP level 9. HP: 82/82 MP: 8/8
  6099 | D:7      | Found a hazy altar of Hepliaklqana.
  6195 | D:7      | Reached ** piety under Ashenzari
  6537 | D:4      | Killed cahman's ghost
  6669 | D:7      | Reached skill level 5 in Evocations
  6838 | D:8      | Noticed Prince Ribbit
  6845 | D:8      | Killed Prince Ribbit
  7228 | D:4      | Bought a faintly humming scale mail for 234 gold pieces
  7228 | D:4      | Identified the +1 scale mail of the Pleiades {-Cast Fly rF+
                  | rN+} (You bought it in a shop on level 4 of the Dungeon)
  7379 | D:8      | Found a sacrificial altar of Ru.
  7449 | D:8      | Found a transporter.
  7452 | D:8      | Identified the ring of Tuoran {Dex+6 Slay+2}
  7630 | D:8      | Found a transporter.
  7632 | D:8      | Noticed finalDestination's ghost (novice DjCj)
  7782 | D:8      | Found a white marble altar of Elyvilon.
  8057 | D:9      | Found a staircase to the Lair.
  8346 | D:9      | Noticed a troll
  8354 | D:9      | Killed a troll
  8532 | D:9      | Reached XP level 10. HP: 82/90 MP: 9/9
  8734 | D:10     | Entered Level 10 of the Dungeon
  8734 | D:10     | Found a sparkling altar of Nemelex Xobeh.
  9007 | D:10     | Noticed a two-headed ogre
  9016 | D:10     | Killed a two-headed ogre
  9486 | D:10     | Noticed Harold
  9499 | D:10     | Reached skill level 10 in Fighting
  9499 | D:10     | Reached skill level 10 in Armour
  9499 | D:10     | Reached skill level 10 in Shields
  9502 | D:10     | Killed Harold
  9545 | D:10     | Identified the amulet of Peok {rPois rF+ Regen+}
  9565 | D:9      | Reached XP level 11. HP: 69/100 MP: 10/10
  9923 | D:10     | Reached skill level 10 in Axes
  9928 | D:10     | Noticed a fire dragon
  9928 | D:10     | Identified the +7 great sword of Brawling {holy, rN++ Int-5
                  | Dex+3 Stlth+}
  9929 | D:10     | Noticed a storm dragon
  9960 | D:10     | Killed a fire dragon
  9985 | D:10     | Killed a storm dragon
 10165 | D:10     | Noticed Grum
 10184 | D:10     | Killed Grum
 10356 | D:10     | Found a staircase to the Orcish Mines.
 10458 | D:10     | Found a runed translucent gate.
 10458 | D:10     | Found a runed translucent gate.
 10458 | D:10     | Found a runed translucent gate.
 10461 | D:10     | Noticed a brown ugly thing
 10462 | D:10     | Noticed a purple ugly thing
 10463 | D:10     | Noticed a purple ugly thing
 10801 | Lair:1   | Entered Level 1 of the Lair of Beasts
 11098 | Lair:1   | Noticed a five-headed hydra
 11421 | D:9      | HP: 5/106 [nine-headed hydra (11)]
 11426 | D:9      | Killed a nine-headed hydra
 11600 | Lair:1   | Reached XP level 12. HP: 110/113 MP: 11/11
 11680 | Lair:1   | Found the +8 whip "Snakebite" {venom, curare, rPois}
 12073 | Lair:1   | Reached *** piety under Ashenzari
 12245 | Lair:2   | Noticed Sonja
 12249 | Lair:2   | Killed Sonja
 12514 | Lair:2   | Identified the +7 morningstar "Giantslayer" {speed, +Blink
                  | rElec rPois}
 12584 | Lair:2   | Found a hole to the Spider Nest.
 12702 | Lair:2   | Noticed a six-headed hydra
 12713 | Lair:2   | Killed a six-headed hydra
 12714 | Lair:2   | Reached skill level 1 in Maces & Flails
 12931 | Lair:2   | Identified the ring of Yredelemnul's Fury {rPois rN+}
 12933 | Lair:2   | Identified the ring "Jeko" {rC+ rN+ Str+4 Dex+7}
 13412 | Lair:3   | Reached **** piety under Ashenzari
 13530 | Lair:3   | Reached XP level 13. HP: 108/126 MP: 12/12
 13536 | Lair:3   | Reached skill level 1 in Dodging
 13670 | Lair:3   | Reached skill level 5 in Maces & Flails
 13946 | Lair:3   | Found a staircase to the Swamp.
 14296 | Lair:4   | Identified the Grimoire of Air
 15602 | Lair:5   | Found a viscous altar of Jiyva.
 15603 | Lair:5   | Found a staircase to the Slime Pits.
 15797 | Lair:6   | Entered Level 6 of the Lair of Beasts
 15923 | Lair:6   | Reached skill level 5 in Dodging
 16000 | Lair:6   | Reached XP level 14. HP: 115/137 MP: 13/13
 16725 | Lair:6   | Identified the +1 leather armour "Nocop" {rPois rF+ Str-3}
 16805 | Lair:6   | Identified the Papyrus of Venomous Cold
 17468 | D:8      | Killed finalDestination's ghost
 17945 | D:10     | Found a runed translucent gate.
 17945 | D:10     | Found a runed translucent gate.
 17951 | D:10     | Found a runed translucent gate.
 17951 | D:10     | Noticed SkeletonJelly's ghost (journeyman DrMo)
 17976 | D:10     | Killed SkeletonJelly's ghost
 17977 | D:10     | Reached skill level 15 in Fighting
 18167 | Orc:1    | Entered Level 1 of the Orcish Mines
 18582 | Orc:2    | Entered Level 2 of the Orcish Mines
 19000 | Orc:2    | Found a staircase to the Elven Halls.
 19433 | Orc:2    | Found Lutes's Magic Scroll Emporium.
 19439 | Orc:2    | Found Zuibint's General Store.
 19525 | Orc:2    | Reached skill level 15 in Armour
 19528 | Orc:2    | Reached XP level 15. HP: 98/147 MP: 14/14
 19886 | Orc:2    | Found a one-way gate leading to the halls of Pandemonium.
 19888 | Orc:2    | Found Nyemp's Antique Armour Boutique.
 19905 | Orc:2    | Found Hulalont's Book Shop.
 20162 | Orc:2    | Upgraded the game from 0.27.1 to 0.27.1-1-g398f81649c
 20349 | Spider:1 | Entered Level 1 of the Spider Nest
 20690 | Spider:1 | Noticed Nikola
 20704 | Spider:1 | Killed Nikola
 21431 | Spider:2 | Identified the +0 robe "Remnoalo" {rC+ Int+2 Dex+2}
 21501 | Spider:2 | Noticed Louise
 21514 | Spider:2 | Killed Louise
 22606 | Spider:3 | Reached XP level 16. HP: 159/161 MP: 15/15
 23140 | Spider:4 | Entered Level 4 of the Spider Nest
 23832 | Spider:4 | Reached skill level 15 in Shields
 24128 | Spider:4 | Found a runed translucent door.
 24129 | Spider:4 | Noticed DrabberRogue's ghost (adept HuIE)
 25211 | Spider:4 | Reached XP level 17. HP: 170/170 MP: 16/16
 25323 | Spider:4 | Got a gossamer rune of Zot
 25427 | Spider:4 | Killed DrabberRogue's ghost
 25599 | Swamp:1  | Entered Level 1 of the Swamp
 25710 | Swamp:1  | Identified the ring of Balance {*Slow rPois Dex+4 Slay+4}
 26879 | Swamp:2  | Noticed Aizul
 26905 | Swamp:2  | Killed Aizul
 27175 | Swamp:2  | Noticed Kirke
 27182 | Swamp:2  | Noticed Frances
 27184 | Swamp:2  | Killed Kirke
 27191 | Swamp:2  | Killed Frances
 28616 | Swamp:4  | Entered Level 4 of the Swamp
 28736 | Swamp:4  | Reached XP level 18. HP: 100/178 MP: 17/17
 29029 | Swamp:4  | Reached skill level 10 in Maces & Flails
 29572 | Swamp:4  | Noticed a bone dragon
 29593 | Swamp:4  | Killed a bone dragon
 29790 | Swamp:4  | Got a decaying rune of Zot
 30104 | Elf:1    | Entered Level 1 of the Elven Halls
 30347 | Temple   | Entered the Ecumenical Temple
 31267 | Lair:5   | Fell from the grace of Ashenzari
 31267 | Lair:5   | Became a worshipper of Jiyva Jetuhesc the Shapeless
 32153 | Lair:5   | Reached * piety under Jiyva
 33719 | Lair:2   | Reached ** piety under Jiyva
 34510 | Swamp:1  | Reached *** piety under Jiyva
 35430 | Swamp:3  | Gained mutation: You are somewhat resistant to further
                  | mutation. [Jiyva's grace]
 35481 | Swamp:3  | Reached **** piety under Jiyva
 37150 | Spider:1 | Lost mutation: You are somewhat resistant to further
                  | mutation. [Jiyva's grace]
 38509 | Spider:3 | Gained mutation: You are partially covered in iridescent
                  | scales. (AC +2) [Jiyva's grace]
 40975 | D:4      | Gained mutation: Your mind is acute. (Int +2) [Jiyva's
                  | grace]
 42229 | D:6      | Lost mutation: You are partially covered in iridescent
                  | scales. (AC +2) [Jiyva's grace]
 42305 | D:6      | Reached ***** piety under Jiyva
 42498 | D:7      | Gained mutation: Your muscles are strong. (Str +2) [Jiyva's
                  | grace]
 42694 | D:7      | Lost intelligence.
 42838 | D:8      | Gained mutation: Your system is resistant to poisons.
                  | (rPois) [Jiyva's grace]
 43095 | D:9      | Gained mutation: Your translucent skin slightly reduces
                  | your foes' accuracy. (Stealth+) [Jiyva's grace]
 43157 | D:9      | Reached ****** piety under Jiyva
 43198 | D:9      | Lost mutation: Your mind is acute. (Int +2) [Jiyva's grace]
 43256 | D:10     | Gained mutation: You have a small jelly attached to you
                  | that senses nearby items. [Jiyva's grace]
 43406 | D:11     | Found a frozen archway.
 43434 | IceCv    | Entered an ice cave
 43628 | IceCv    | Gained mutation: You are resistant to electric shocks.
                  | (rElec) [Jiyva's grace]
 44001 | IceCv    | Identified the +7 dagger of Isou {drain, rPois}
 44161 | D:11     | Gained mutation: You expend magic power (3 MP) to
                  | strengthen your wands. [Jiyva's grace]
 44318 | D:11     | Noticed Gastronok
 44331 | D:11     | Killed Gastronok
 44475 | D:12     | Noticed Josephine
 44484 | D:12     | Killed Josephine
 44677 | D:12     | Noticed Nergalle
 44690 | D:12     | Killed Nergalle
 45022 | D:12     | Gained mutation: You have large cloven feet. [Jiyva's
                  | grace]
 45049 | D:12     | Noticed Nessos
 45068 | D:12     | Killed Nessos
 45346 | D:12     | Found Rijob's Magic Scroll Boutique.
 45356 | D:12     | Bought a scroll of teleportation for 45 gold pieces
 45356 | D:12     | Bought a scroll of enchant weapon for 112 gold pieces
 45356 | D:12     | Bought a scroll of enchant weapon for 112 gold pieces
 45513 | D:13     | Got Sif Muna's Disquisition on Snow and Displacement
 45551 | D:13     | Found a gate to the Vaults.
 45646 | D:13     | Reached skill level 10 in Evocations
 46107 | D:14     | Found the +8 storm bow {elec, penet}
 46307 | D:14     | Gained mutation: Your melee attacks may engulf your foes in
                  | ooze. [Jiyva's grace]
 46614 | D:14     | Found a shimmering blue altar of Sif Muna.
 46843 | D:14     | Gained mutation: Armour fits poorly on your pseudopods.
                  | [Jiyva's grace]
 46855 | D:15     | Entered Level 15 of the Dungeon
 46902 | D:15     | Noticed Agnes
 46918 | D:15     | Killed Agnes
 46954 | D:15     | Reached XP level 19. HP: 80/183 MP: 18/18
 47439 | D:15     | Found Eqemaeza's Hallowed Reliquary.
 47910 | D:15     | Bought a potion of heal wounds for 85 gold pieces
 47910 | D:15     | Bought a potion of curing for 51 gold pieces
 47910 | D:15     | Bought a potion of curing for 51 gold pieces
 48256 | D:15     | Found a staircase to the Depths.
 48996 | Elf:1    | Gained mutation: You tend to lose your temper in combat.
                  | [Jiyva's grace]
 49765 | Elf:1    | Lost mutation: Your melee attacks may engulf your foes in
                  | ooze. [Jiyva's grace]
 50494 | Elf:2    | Found Uniraohiy's Gadget Gallery.
 50579 | Elf:2    | Lost mutation: Your muscles are strong. (Str +2) [Jiyva's
                  | grace]
 50980 | Elf:2    | Gained mutation: Your muscles are strong. (Str +2) [Jiyva's
                  | grace]
 51062 | Elf:2    | Noticed Jorgrun
 51090 | Elf:2    | Killed Jorgrun
 51415 | Elf:2    | Found a huge runed translucent gate.
 51415 | Elf:2    | Found a huge runed translucent gate.
 51415 | Elf:2    | Found a huge runed translucent gate.
 51415 | Elf:2    | Found a huge runed translucent gate.
 51415 | Elf:2    | Found a huge runed translucent gate.
 51915 | Elf:2    | Lost mutation: You expend magic power (3 MP) to strengthen
                  | your wands. [Jiyva's grace]
 52602 | Elf:2    | Gained mutation: You have an increased reservoir of magic.
                  | (+10% MP) [Jiyva's grace]
 52681 | Elf:2    | Gained mutation: You are robust. (+10% HP) [Jiyva's grace]
 53110 | Orc:2    | Bought a scroll of teleportation for 51 gold pieces
 53110 | Orc:2    | Bought a scroll of magic mapping for 59 gold pieces
 53110 | Orc:2    | Bought a scroll of enchant armour for 127 gold pieces
 53110 | Orc:2    | Bought a scroll of blinking for 127 gold pieces
 53111 | Orc:2    | Bought a scroll of summoning for 161 gold pieces
 53111 | Orc:2    | Bought a scroll of summoning for 161 gold pieces
 53250 | Vaults:1 | Entered Level 1 of the Vaults
 53437 | Vaults:1 | Found Fuq Ill's Magic Scroll Shop.
 53454 | Vaults:1 | Bought a scroll of acquirement for 1040 gold pieces
 53454 | Vaults:1 | Acquired 824 gold pieces
 53456 | Vaults:1 | Bought a scroll of enchant weapon for 150 gold pieces
 53456 | Vaults:1 | Bought a scroll of enchant weapon for 150 gold pieces
 53536 | Vaults:1 | Lost mutation: Your system is resistant to poisons. (rPois)
                  | [potion of mutation]
 53536 | Vaults:1 | Lost mutation: Your muscles are strong. (Str +2) [potion of
                  | mutation]
 53536 | Vaults:1 | Lost mutation: Your translucent skin slightly reduces your
                  | foes' accuracy. (Stealth+) [potion of mutation]
 53536 | Vaults:1 | Gained mutation: You have a beak for a mouth. [potion of
                  | mutation]
 53536 | Vaults:1 | Gained mutation: You are partially covered in iridescent
                  | scales. (AC +2) [potion of mutation]
 53536 | Vaults:1 | Gained mutation: Your spells are a little harder to cast,
                  | but a little more powerful. [potion of mutation]
 53539 | Vaults:1 | Lost mutation: You have a small jelly attached to you that
                  | senses nearby items. [potion of mutation]
 53539 | Vaults:1 | Lost mutation: You have a beak for a mouth. [potion of
                  | mutation]
 53539 | Vaults:1 | Gained mutation: Your muscles are strong. (Str +2) [potion
                  | of mutation]
 53540 | Vaults:1 | Lost mutation: Your spells are a little harder to cast, but
                  | a little more powerful. [potion of mutation]
 53540 | Vaults:1 | Lost mutation: You have large cloven feet. [potion of
                  | mutation]
 53540 | Vaults:1 | Gained mutation: Armour fits poorly on your strangely
                  | shaped body. [potion of mutation]
 53540 | Vaults:1 | Lost mutation: Armour fits poorly on your strangely shaped
                  | body. [potion of mutation]
 53541 | Vaults:1 | Lost mutation: You tend to lose your temper in combat.
                  | [potion of mutation]
 53541 | Vaults:1 | Lost mutation: Armour fits poorly on your pseudopods.
                  | [potion of mutation]
 53541 | Vaults:1 | Lost mutation: You are partially covered in iridescent
                  | scales. (AC +2) [potion of mutation]
 53658 | Vaults:1 | Reached XP level 20. HP: 212/212 MP: 21/21
 53660 | Vaults:1 | Gained mutation: Your flesh is heat resistant. (rF+)
                  | [Jiyva's grace]
 53716 | Vaults:1 | Found Kexadul's Jewellery Boutique.
 53757 | Vaults:1 | Lost mutation: Your muscles are strong. (Str +2) [Jiyva's
                  | grace]
 53955 | Vaults:1 | Found Sydicud's Antique Weapon Emporium.
 54297 | Vaults:1 | Found Nivviwia's Jewellery Shoppe.
 54346 | Vaults:1 | Was forgiven by Ashenzari
 54457 | Vaults:1 | Gained mutation: You are partially covered in large bone
                  | plates. (SH +4) [Jiyva's grace]
 54692 | Vaults:2 | Gained mutation: You passively dampen the noise of your
                  | surroundings. [Jiyva's grace]
 55541 | Vaults:2 | Lost mutation: You are robust. (+10% HP) [Jiyva's grace]
 55783 | Vaults:2 | Lost mutation: Your flesh is heat resistant. (rF+) [Jiyva's
                  | grace]
 55866 | Vaults:2 | Gained mutation: You passively map a small area around you.
                  | [Jiyva's grace]
 56053 | Vaults:2 | Gained mutation: You have a small jelly attached to you
                  | that may absorb incoming projectiles. [Jiyva's grace]
 56239 | Vaults:3 | Identified the +1 tower shield "Eshryrhuj" {rElec rF+ Will-
                  | Dex+4}
 56239 | Vaults:3 | Noticed Mennas
 56304 | Vaults:2 | Killed Mennas
 56380 | Vaults:3 | Reached XP level 21. HP: 130/203 MP: 22/22
 56564 | Vaults:3 | Found Hiciq's Distillery.
 56602 | Vaults:3 | Bought a potion of might for 80 gold pieces
 56602 | Vaults:3 | Bought a potion of haste for 200 gold pieces
 56602 | Vaults:3 | Bought a potion of might for 80 gold pieces
 56602 | Vaults:3 | Bought a potion of haste for 200 gold pieces
 56956 | Vaults:3 | Found a staircase to the Crypt.
 57249 | Vaults:3 | Lost mutation: You are resistant to electric shocks.
                  | (rElec) [Jiyva's grace]
 57313 | Vaults:3 | Gained mutation: You have sharp fingernails. [Jiyva's
                  | grace]
 57675 | Vaults:3 | Lost mutation: You passively map a small area around you.
                  | [Jiyva's grace]
 58385 | Vaults:4 | Lost mutation: You passively dampen the noise of your
                  | surroundings. [Jiyva's grace]
 58608 | Vaults:4 | Lost mutation: You have sharp fingernails. [Jiyva's grace]
 58919 | Vaults:4 | Gained mutation: Your melee attacks may engulf your foes in
                  | ooze. [Jiyva's grace]
 59024 | Vaults:4 | Found a runed translucent gate.
 59025 | Vaults:4 | Found a runed translucent gate.
 59025 | Vaults:4 | Noticed abarbat's ghost (adept MiBe)
 59028 | Vaults:4 | Found a runed translucent gate.
 59032 | Vaults:4 | Found an iron altar of Okawaru.
 59265 | Vaults:4 | Gained mutation: A frigid envelope surrounds you and
                  | freezes all who hurt you. [Jiyva's grace]
 59533 | Vaults:4 | Killed abarbat's ghost
 59909 | Elf:3    | Entered Level 3 of the Elven Halls
 60120 | Elf:3    | Noticed Donald
 60137 | Elf:3    | Killed Donald
 60304 | Elf:3    | Reached XP level 22. HP: 196/214 MP: 23/23
 60404 | Elf:3    | Lost mutation: You are partially covered in large bone
                  | plates. (SH +4) [Jiyva's grace]
 60481 | Elf:3    | Gained mutation: You are partially covered in iridescent
                  | scales. (AC +2) [Jiyva's grace]
 60999 | Elf:3    | Gained mutation: You expend magic power (3 MP) to
                  | strengthen your wands. [Jiyva's grace]
 61047 | Elf:3    | Identified the +6 trident "Equ Vimp" {spect, rElec rPois
                  | Dex-2 SInv}
 61101 | Elf:3    | Lost mutation: You are partially covered in iridescent
                  | scales. (AC +2) [Jiyva's grace]
 61130 | Elf:3    | Identified the +8 war axe "Pewkuz" {flame, +Blink}
 61140 | Elf:3    | Identified the +8 battleaxe of Efill {flame, rF- rC+++
                  | Int+4 Stlth+}
 61163 | Elf:3    | Gained mutation: You possess an exceptional clarity of
                  | mind. [Jiyva's grace]
 61173 | Elf:3    | Identified the +3 battleaxe of the Radish {freeze, Dex+2}
 61188 | Elf:3    | Gained mutation: Your rubbery body absorbs attacks. (AC +1,
                  | EV +1) [Jiyva's grace]
 61206 | Elf:3    | Found the +2 cloak of the Thief {*Fog Slay-2 SInv Stlth+}
 61229 | Elf:3    | Gained mutation: You are weak. (Str -2) [Jiyva's grace]
 61238 | Elf:3    | Identified the +7 fire dragon scales of Rifulu {rPois rF++
                  | rC- Str+3 Dex-3}
 61257 | Elf:3    | Identified the +0 pair of gloves of Ubriroyn {rF- rC-
                  | Int+7}
 61257 | Elf:3    | Lost mutation: You are weak. (Str -2) [Jiyva's grace]
 61287 | Elf:3    | Got the Volume of the Harmful Birds
 61459 | Orc:2    | Bought a scroll of teleportation for 51 gold pieces
 61459 | Orc:2    | Bought a scroll of enchant weapon for 127 gold pieces
 61460 | Orc:2    | Upgraded the game from 0.27.1-1-g398f81649c to
                  | 0.27.1-2-g3b301248ec
 61530 | D:10     | Gained mutation: Your flesh is heat resistant. (rF+)
                  | [Jiyva's grace]
 61679 | Slime:1  | Entered Level 1 of the Pits of Slime
 62372 | Slime:5  | Entered Level 5 of the Pits of Slime
 62378 | Slime:5  | Gained mutation: Your body has grown golden eyes which may
                  | confuse attackers. (Acc +3) [Jiyva's grace]
 62381 | Slime:5  | Lost mutation: You expend magic power (3 MP) to strengthen
                  | your wands. [Jiyva's grace]
 62383 | Slime:5  | Gained mutation: You expend magic power (3 MP) to
                  | strengthen your wands. [Jiyva's grace]
 62390 | Slime:5  | Found a viscous altar of Jiyva.
 62390 | Slime:5  | Lost mutation: You possess an exceptional clarity of mind.
                  | [Jiyva's grace]
 62395 | Slime:5  | Identified the +4 plate armour of Heresy {Int+7}
 62396 | Slime:5  | Identified the +5 hunting sling of Righteous Fury {flame,
                  | SInv}
 62397 | Slime:5  | Identified the +6 longbow of Cobwebs {speed, rPois rC-
                  | rCorr Int+5}
 62402 | Slime:5  | Noticed the Royal Jelly
 62403 | Slime:5  | Identified the +1 leather armour of Distant Shores {-Cast
                  | rN+++ Dex+5}
 62412 | Slime:5  | Identified the ring "Waowarae" {Fire rPois MP-9 Stlth+}
 62416 | Slime:5  | Got the Handbook of the Arcane
 62418 | Slime:5  | Identified the +1 chain mail of Amorality {rElec rF- Dex+3}
 62429 | Slime:5  | Got a slimy rune of Zot
 62436 | Slime:5  | Identified the +1 ring mail of Failure {Dex+4}
 62439 | Slime:5  | Identified the +0 scale mail of the Guilds {rElec Str-2
                  | Int+3 Dex+5}
 63054 | Crypt:1  | Entered Level 1 of the Crypt
 63064 | Crypt:1  | Noticed Margery
 63070 | Crypt:1  | Noticed Boris
 63088 | Crypt:1  | Killed Margery
 63116 | Crypt:1  | Killed Boris
 63615 | Crypt:1  | Noticed Jory
 63639 | Crypt:1  | Killed Jory
 64204 | Crypt:2  | Noticed Mara
 64219 | Crypt:2  | Killed Mara
 64375 | Crypt:2  | Noticed Frederick
 64385 | Crypt:2  | Killed Frederick
 64459 | Crypt:2  | Lost mutation: You expend magic power (3 MP) to strengthen
                  | your wands. [Jiyva's grace]
 64646 | Crypt:2  | Lost mutation: Your melee attacks may engulf your foes in
                  | ooze. [Jiyva's grace]
 64900 | Crypt:2  | Reached XP level 23. HP: 224/224 MP: 24/24
 64974 | Crypt:2  | Identified the +8 flail "Seir" {spect, rF++ Str+5 Int-5}
 65253 | Crypt:3  | Entered Level 3 of the Crypt
 65417 | Crypt:3  | Noticed a curse toe
 66447 | Crypt:3  | Lost mutation: Your flesh is heat resistant. (rF+) [Jiyva's
                  | grace]
 66522 | Crypt:3  | Killed a curse toe
 66810 | Crypt:3  | Gained mutation: You are partially covered in iridescent
                  | scales. (AC +2) [Jiyva's grace]
 66956 | Crypt:3  | Found a staircase to the Tomb.
 67075 | Crypt:3  | Noticed an ancient lich
 67076 | Crypt:3  | Noticed a dread lich
 67076 | Crypt:3  | Noticed an ancient lich
 67420 | Crypt:3  | Gained mutation: You are covered in slimy tendrils that may
                  | disarm your opponents. [Jiyva's grace]
 67892 | D:15     | Gained mutation: You are resistant to electric shocks.
                  | (rElec) [Jiyva's grace]
 67914 | Depths:1 | Entered Level 1 of the Depths
 68074 | Depths:1 | Gained mutation: You are covered in fur. (AC +1) [Jiyva's
                  | grace]
 68078 | Depths:1 | Found a one-way gate to the infinite horrors of the Abyss.
 68616 | Depths:1 | Lost mutation: You are resistant to electric shocks.
                  | (rElec) [Jiyva's grace]
 68847 | Depths:1 | Found a gateway to Hell.
 69250 | Depths:1 | Gained mutation: You passively map a small area around you.
                  | [Jiyva's grace]
 69365 | Depths:1 | Found Leatipef's Jewellery Emporium.
 69365 | Depths:1 | Found Oqiedabb's Book Boutique.
 69366 | Depths:1 | Found Etzecoro's Book Boutique.
 69380 | Depths:1 | Bought a manual of Fighting for 1040 gold pieces
 69417 | Depths:1 | Found a gateway to a ziggurat.
 69768 | Depths:2 | Lost mutation: Your body has grown golden eyes which may
                  | confuse attackers. (Acc +3) [Jiyva's grace]
 70286 | Depths:2 | Gained mutation: You have a pair of large horns on your
                  | head. [Jiyva's grace]
 70371 | Depths:3 | Reached XP level 24. HP: 201/240 MP: 24/24
 70495 | Depths:3 | Gained mutation: You have a small jelly attached to you
                  | that senses nearby items. [Jiyva's grace]
 70508 | Depths:3 | Found Siulir's Magic Scroll Emporium.
 70513 | Depths:3 | Bought a scroll of enchant weapon for 157 gold pieces
 70513 | Depths:3 | Bought a scroll of fear for 73 gold pieces
 70565 | Depths:3 | Lost mutation: You are covered in slimy tendrils that may
                  | disarm your opponents. [Jiyva's grace]
 71486 | Depths:3 | Lost mutation: You have a small jelly attached to you that
                  | may absorb incoming projectiles. [Jiyva's grace]
 71503 | Depths:3 | Identified the +1 pair of boots "Mofatycs" {rF- Str+10
                  | Int-3 Dex+4}
 71603 | Depths:3 | Got the Almanac of Doomed Conjuration
 71960 | Depths:4 | Found Gozag's Antique Armour Shop.
 71964 | Depths:4 | Gained mutation: You are mostly covered in iridescent
                  | scales. (AC +4) [Jiyva's grace]
 71989 | Depths:4 | Found an opulent altar of Gozag.
 71992 | Depths:4 | Found Gozag's Antique Weapon Shop.
 71999 | Depths:4 | Found Gozag's Antique Weapon Boutique.
 72078 | Depths:4 | Gained mutation: Your spells are a little harder to cast,
                  | but a little more powerful. [Jiyva's grace]
 72161 | Depths:4 | Found a glowing silver altar of Zin.
 72161 | Depths:4 | Found a glowing golden altar of the Shining One.
 72162 | Depths:4 | Found a white marble altar of Elyvilon.
 72307 | Depths:4 | Identified the +4 falchion "Ygevauwk" {vorpal, rPois rC+
                  | rN+}
 72429 | Depths:4 | Found a hide-covered altar of Uskayaw.
 72792 | Depths:4 | Gained mutation: Your mind is acute. (Int +2) [Jiyva's
                  | grace]
 72822 | Depths:5 | Entered Level 5 of the Depths
 73092 | Depths:5 | Identified the +1 chain mail of Nidyq {Contam Harm rPois
                  | rN+}
 73178 | Depths:5 | Lost mutation: You have an increased reservoir of magic.
                  | (+10% MP) [Jiyva's grace]
 73351 | Depths:5 | Found a stormy altar of Qazlal.
 73450 | Depths:5 | Gained mutation: Your skin changes colour to match your
                  | surroundings (Stealth+). [Jiyva's grace]
 73504 | Depths:5 | Reached skill level 27 in Fighting
 73735 | Depths:5 | Reached XP level 25. HP: 181/257 MP: 22/22
 73866 | Depths:5 | Gained mutation: You expend magic power (3 MP) to
                  | strengthen your wands. [Jiyva's grace]
 73887 | Depths:5 | Found a runed translucent door.
 73900 | Depths:5 | Found a runed translucent door.
 73910 | Depths:5 | Found a runed translucent door.
 73913 | Depths:5 | Found a runed translucent door.
 73953 | Depths:5 | Lost mutation: Your spells are a little harder to cast, but
                  | a little more powerful. [Jiyva's grace]
 73981 | Depths:5 | Found a gate to the Realm of Zot.
 74148 | Depths:5 | Found a runed translucent door.
 74379 | Depths:5 | Found a runed translucent door.
 74470 | Depths:5 | Found a glowing silver altar of Zin.
 74652 | Depths:4 | Identified the +3 quarterstaff of Upheaval {protect, Dex+6}
 75259 | D:7      | Gained mutation: Your muscles are strong. (Str +2) [Jiyva's
                  | grace]
 75958 | D:12     | Bought a scroll of fog for 30 gold pieces
 75958 | D:12     | Bought a scroll of fear for 52 gold pieces
 75958 | D:12     | Bought a scroll of summoning for 142 gold pieces
 76114 | Vaults:1 | Bought a scroll of fog for 40 gold pieces
 76208 | Vaults:3 | Bought a potion of curing for 60 gold pieces
 76208 | Vaults:3 | Bought a potion of curing for 60 gold pieces
 76514 | Zot:1    | Entered Level 1 of the Realm of Zot
 77172 | Zot:1    | Lost mutation: You have a small jelly attached to you that
                  | senses nearby items. [Jiyva's grace]
 77736 | Zot:2    | Reached skill level 15 in Evocations
 77832 | Zot:2    | Noticed an orb of fire
 77846 | Zot:2    | Killed an orb of fire
 78177 | Zot:2    | Noticed a Killer Klown
 78186 | Zot:2    | Killed a Killer Klown
 78545 | Zot:2    | Noticed an orb of fire
 78558 | Zot:2    | Gained mutation: Armour fits poorly on your strangely
                  | shaped body. [an orb of fire]
 78567 | Zot:2    | Gained mutation: Your magical capacity is low. (-10% MP)
                  | [an orb of fire]
 78569 | Zot:2    | Killed an orb of fire
 78700 | Zot:2    | Reached skill level 10 in Dodging
 78733 | Zot:2    | Lost mutation: Your muscles are strong. (Str +2) [Jiyva's
                  | grace]
 79674 | Zot:3    | Reached XP level 26. HP: 191/266 MP: 19/19
 80181 | Zot:3    | Lost mutation: Your mind is acute. (Int +2) [Jiyva's grace]
 80512 | Zot:3    | Lost mutation: Your rubbery body absorbs attacks. (AC +1,
                  | EV +1) [potion of mutation]
 80512 | Zot:3    | Lost mutation: Armour fits poorly on your strangely shaped
                  | body. [potion of mutation]
 80512 | Zot:3    | Lost mutation: You are mostly covered in iridescent scales.
                  | (AC +4) [potion of mutation]
 80512 | Zot:3    | Lost mutation: You passively map a small area around you.
                  | [potion of mutation]
 80512 | Zot:3    | Gained mutation: You are robust. (+10% HP) [potion of
                  | mutation]
 80811 | Zot:3    | Identified the +9 quarterstaff "Beetlebane" {venom, rC++}
 80880 | Zot:3    | Lost mutation: You have a pair of large horns on your head.
                  | [Jiyva's grace]
 80912 | Zot:3    | Noticed an orb of fire
 80927 | Zot:3    | Killed an orb of fire
 82540 | Zot:4    | Identified the +8 spear of Lugonu's Pride {distort, Str+6
                  | Dex+2}
 82579 | Zot:5    | Entered Level 5 of the Realm of Zot
 82806 | Zot:5    | Acquired 460 gold pieces
 82867 | Zot:5    | Gained mutation: You are agile. (Dex +2) [Jiyva's grace]
 83170 | Zot:5    | Reached skill level 27 in Armour
 83170 | Zot:5    | Reached skill level 27 in Shields
 83181 | Zot:5    | Noticed an orb of fire
 83309 | Zot:4    | Lost mutation: You expend magic power (3 MP) to strengthen
                  | your wands. [Jiyva's grace]
 83421 | Zot:5    | Noticed an orb of fire
 83435 | Zot:5    | Killed an orb of fire
 83442 | Zot:5    | Noticed an orb of fire
 83460 | Zot:5    | HP: 14/292 [orb of fire/fireball (14)]
 84021 | Zot:5    | Noticed an orb of fire
 84033 | Zot:5    | Killed an orb of fire
 84034 | Zot:5    | Reached XP level 27. HP: 293/300 MP: 19/19
 84067 | Zot:5    | Noticed an orb of fire
 84098 | Zot:5    | Gained mutation: Your spells are a little easier to cast,
                  | but a little less powerful. [an orb of fire]
 84098 | Zot:5    | HP: 15/300 [orb of fire/fireball (28)]
 84098 | Zot:5    | Killed from afar by an orb of fire

Illustrated notes

Levels and vault maps discovered:
D:1:      grunt_arrival_lava_bath, layout_loops_ring
D:2:      minmay_razor_zed, layout_basic
D:3:      minmay_recursive_quarters, layout_basic, vehumet_altar_wand_db,
          uniq_natasha
D:4:      layout_basic, mainiacjoe_overflow_alcove_1, ebering_ghost_sewer_f,
          serial_shops, nicolae_shop_crystal, nicolae_lakefront_shop, shop,
          uniq_robin
D:5:      layout_loops_ring, uniq_crazy_yiuf_cottage
D:6:      layout_basic, mainiacjoe_overflow_catwalk, fedhas_altar_3,
          minmay_temple_entry_hall
D:7:      layout_rooms, nicolae_hepliaklqana_hippocampus,
          chequers_guarded_unrand_ignorance
D:8:      layout_cave_pools, nicolae_ru_sacrificial_ziggurat,
          mainiacjoe_overflow_six_doors_small, gammafunk_ghost_stat_death,
          minmay_misc_feat_chi, minmay_misc_feat_encased, uniq_prince_ribbit1
D:9:      layout_roguey, lair_entry_dummy
D:10:     minmay_the_grid_four_pointed_star_mashed
          [minmay_the_grid_triangle_9x9_sparse_checkered,
          minmay_the_grid_triangle_9x9_zippers_horizontal,
          minmay_the_grid_triangle_9x9_longest,
          minmay_the_grid_triangle_9x9_thin_v,
          minmay_the_grid_prize_diamond_cup], layout_loops_ring,
          mainiacjoe_overflow_boulevard, hiddenorc2_lemuel,
          ploomutoo_gammafunk_ghost_potion_laboratory, uniq_grum, uniq_harold
D:11:     layout_cave_pools, portal_ice_cave_entry_ice_simulacra, uniq_gastronok
D:12:     layout_irregular_city, serial_shops, kennysheep_mini_moat,
          uniq_nessos, uniq_nergalle, uniq_josephine
D:13:     minmay_weird_star, layout_irregular_city
D:14:     layout_basic, fountainhead, kennysheep_path_1, tgw_sif
D:15:     hangedman_depths_entry_try_elsewhere_first, layout_cave_pools,
          roderic_lattice_a, nicolae_good_shop, uniq_agnes
Temple:   nicolae_temple_great_sept
Lair:1:   minmay_guarded_unrand_snakebite, layout_cave_pods
Lair:2:   cheibrodos_lair_river_kwai, layout_regular_city, dummy_spider_entry,
          grunt_forest_large_clearing_hut, minmay_lair_oklob_chamber, uniq_sonja
Lair:3:   layout_concentric_octagons, minmay_swamp_entry_worms, disabler_island
Lair:4:   layout_concentric_octagons, serial_bayou_shore_b
Lair:5:   layout_cave_pods, slime_altar_1, nzn_random_ring, lemuel_fruit_tree
Lair:6:   evilmike_catoblepas_cave, layout_long_grid
Swamp:1:  nicolae_swamp_flooded_prison, layout_basic_swamp, serial_swamp_ruin,
          evilmike_swamp_ruin_house_5, evilmike_swamp_ruin_wall
Swamp:2:  layout_basic_swamp, evilmike_swamp_ruin_rubble_2, uniq_aizul,
          uniq_kirke, uniq_frances
Swamp:3:  layout_falls_marsh, nicolae_swamp_feature_on_the_river_bank,
          swamp_pool2, nicolae_swamp_bean_lake, infiniplex_staircase_pool
Swamp:4:  swamp_pestilence, layout_basic_swamp
Spider:1: layout_spider_delve, uniq_nikola
Spider:2: layout_spider_delve, nicolae_spider_stair_cavern, uniq_louise
Spider:3: layout_spider_delve
Spider:4: floodkiller_spider_rune_tomb, ebering_ghost_reflecting_pool
Slime:1:  layout_caves
Slime:2:  layout_caves
Slime:3:  layout_caves
Slime:4:  cheibrodos_slime_lost_civilization_10, layout_caves
Slime:5
Orc:1:    layout_caves
Orc:2:    pf_orc_diabolical, layout_caves
Elf:1:    nicolae_elf_arrival_no_cutting_in_line, layout_loops_corners,
          minmay_elf_crystal_heptagon, grunt_ministairs_11
Elf:2:    elven_hall_of_blades_hangedman_alternative
          [nicolae_blade_entry_sentries_behind_glass], layout_geoelf_octagon,
          minivault_20, nicolae_shop_gadgets, uniq_jorgrun
Elf:3:    grunt_elf_hall_asides, layout_loops_cross, grunt_megastairs_4,
          uniq_donald
Vaults:1: dpeg_vaults_monster_box, vaults_room_pools, vaults_mumra_lcd,
          ontoclasm_vaults_decontamination, v_alt_pattern_3,
          hangedman_vaults_locks, nicolae_vaults_mini_display_case,
          nicolae_vaults_little_squares_3, layout_vaults_omnigrid, serial_shops,
          shop, shop, nicolae_shop_statue_plus, shop
Vaults:2: vaults_mumra_hex, v_misc_13, v_misc_16, hangedman_vaults_slither,
          vaults_room_pools, hangedman_vaults_unwind, v_misc_10,
          v_alt_pattern_4, v_alt_pattern_5, v_rooms_6, v_alt_pattern_3,
          layout_vaults_maze_bifur
Vaults:3: nicolae_vaults_hallways_thing, vaults_room_boxed,
          nicolae_vaults_border_crossing, nicolae_vaults_branching_niches,
          ontoclasm_vaults_eye, v_misc_13, vaults_dpeg_ring,
          minmay_crypt_entry_simple_round, ontoclasm_vaults_shuriken,
          nicolae_vaults_alarming, vaults_dpeg_encased_lava,
          layout_vaults_chaotic_city, serial_shops, shop, uniq_mennas
Vaults:4: gammafunk_vaults_ghost_fury_of_okawaru, v_alt_pattern_6,
          grunt_vaults_swirl, nicolae_vaults_lopsided_apartments,
          grunt_vaults_funnel, nicolae_vaults_asterisk, vaults_room_door_hall,
          hangedman_vaults_stitches, nicolae_vaults_what_the_h,
          vaults_room_ringed_pool, vaults_room_stairs_pillars,
          vaults_room_door_ring, layout_vaults_omnicross
Crypt:1:  layout_rooms, uniq_margery, uniq_boris, uniq_jory
Crypt:2:  layout_misc_corridors, uniq_mara, uniq_frederick
Crypt:3:  david_glass_crypt, layout_gridlike
Depths:1: layout_honeycomb, enter_ziggurat_d, hell_entry, abyss_entry,
          nicolae_twisting_strands, minmay_pinched_square, minmay_shop_grove
Depths:2: minmay_angry_zag, layout_cave_shapes, hangedman_decor_points,
          rand_demon_pan_entry_1, pf_coc_iceberg, infiniplex_staircase_pool_2
Depths:3: cheibrodos_salmonella, layout_gridlike, hell_entry, serial_shops,
          shop, rand_demon_pan_entry_3, minmay_misc_feat_enclosed
Depths:4: kennysheep_gozag_temple, layout_cave_shapes,
          grunt_pan_entry_in_and_out, hangedman_abyss_entry_splay,
          good_gods_temple_1, hell_entry, dancing_weapons_uskayaw,
          firewood_loft, minmay_staircase_bubble
Depths:5: evilmike_zot_entry_castle, layout_gridlike, pan_entry, hell_entry,
          grunt_qazlal_clouds, zin_treasury, serial_bayou_shore_a
Zot:1:    layout_gridville, st_stairs_11
Zot:2:    layout_gridlike
Zot:3:    layout_gridlike, zot_minivault_1
Zot:4:    layout_misc_corridors
Zot:5:    layout_misc_corridors

Skill      XL: |  1  2  3  4  5  6  7  8  9 10 11 12 13 14 15 16 17 18 19 20 21 22 23 24 25 26 |
---------------+-------------------------------------------------------------------------------+-----
Shields        | 4 5 6 7 8 10 11 12 17 20 21 22 23 24 25 26 27 | 27.0
Fighting       | 4 5 6 7 8 10 11 13 14 15 17 18 19 20 21 22 24 27 | 27.0
Armour         | 4 5 6 7 8 10 11 12 13 15 17 18 19 20 21 23 25 26 27 | 27.0
Axes           | 3 4 5 6 8 9 11 12 | 12.2
Evocations     | 1 2 3 4 5 6 8 9 10 11 12 13 14 15 17 | 17.2
Maces & Flails | 4 7 9 11 13 14 | 14.4
Dodging        | 5 7 8 10 12 | 12.2

Action                   |  1- 3 |  4- 6 |  7- 9 | 10-12 | 13-15 | 16-18 | 19-21 | 22-24 | 25-27 || total
-------------------------+-------+-------+-------+-------+-------+-------+-------+-------+-------++-------
Melee: War axe           |    91 |   104 |   166 |   347 |    64 |       |       |       |       ||   772
       Headbutt          |    12 |    14 |    41 |   130 |   312 |   580 |   512 |   762 |   339 ||  2702
       Morningstar       |       |       |       |     6 |   729 |  1691 |  1844 |  2010 |   766 ||  7046
       Whip              |       |       |       |   108 |   327 |   205 |    28 |       |       ||   668
       Pseudopods        |       |       |       |       |       |    13 |   117 |       |       ||   130
       Eveningstar       |       |       |       |       |       |     2 |       |       |   156 ||   158
Throw: Javelin           |       |     2 |       |     1 |       |     3 |       |       |       ||     6
       Dart              |       |       |       |       |       |       |     1 |       |       ||     1
Invok: Curse Item        |       |     1 |     3 |     3 |       |       |       |       |       ||     7
       Shatter the Chain |       |       |     1 |       |       |     4 |       |       |       ||     5
       Request Jelly     |       |       |       |       |       |    15 |       |       |       ||    15
 Abil: Evoke Blink       |       |       |       |       |     3 |     6 |       |       |       ||     9
       Evoke Invisibilit |       |       |       |       |       |       |       |       |     2 ||     2
Evoke: Wand              |       |     3 |    15 |    20 |     2 |    22 |    33 |     6 |    28 ||   129
       Box of beasts     |       |       |       |       |     2 |     1 |     2 |     4 |     3 ||    12
       Lightning rod     |       |       |       |       |     4 |     8 |     3 |    13 |     4 ||    32
       Tin of tremorston |       |       |       |       |       |     6 |     4 |     8 |     3 ||    21
       Phial of floods   |       |       |       |       |       |       |       |     1 |       ||     1
  Use: Scroll            |     1 |     3 |       |     5 |       |    12 |     7 |     8 |     9 ||    45
       Potion            |       |       |     1 |     5 |     1 |     4 |     7 |     1 |     7 ||    26
 Stab: Petrified         |       |       |       |       |     9 |       |       |       |       ||     9
       Distracted        |       |       |       |       |     4 |     1 |     3 |     1 |     1 ||    10
       Petrifying        |       |       |       |       |     1 |       |       |       |       ||     1
       Held in net/web   |       |       |       |       |       |     2 |       |       |       ||     2
       Confused          |       |       |       |       |       |       |       |     7 |       ||     7
       Invisible         |       |       |       |       |       |       |       |       |     3 ||     3
Armor: Scale mail        |    40 |    42 |    59 |       |       |       |       |       |       ||   141
       Plate armour      |       |       |       |   155 |   268 |   219 |       |       |       ||   642
       Crystal plate arm |       |       |       |       |       |   469 |   317 |   356 |   267 ||  1409
Dodge: Dodged            |    35 |    32 |    46 |    99 |   197 |   376 |   175 |   252 |   230 ||  1442
Block: Kite shield       |    57 |    58 |   111 |   257 |   474 |   707 |       |       |       ||  1664
       Tower shield      |       |       |       |       |       |   632 |  1915 |  1498 |   729 ||  4774
